 Dungeon Crawl Stone Soup version 0.24.0-35-gdb84b6a5db (webtiles) character file.

Game seed: 3726854758772424248, levelgen mode: deterministic

16 glosham the Charlatan (level 2, 0/25 HPs)
             Began as a Centaur Artificer on Nov 20, 2019.
             Slain by a giant cockroach (1 damage)
             ... on level 2 of the Dungeon.
             The game lasted 00:02:52 (89 turns).

glosham the Charlatan (Centaur Artificer)             Turns: 89, Time: 00:02:52

Health: 0/25       AC:  5    Str: 14    XL:     2   Next: 37%
Magic:  4/4        EV:  9    Int: 10    God:
Gold:   0          SH:  0    Dex:  9    Spells: 1/1 levels left

rFire    . . .     SeeInvis .   a - +0 short sword
rCold    . . .     Gourm    .   (no shield)
rNeg     . . .     Faith    .   b - +0 leather armour
rPois    .         Spirit   .   (no helmet)
rElec    .         Reflect  .   (no cloak)
rCorr    .         Harm     .   V - +0 pair of gloves
MR       .....                  (no barding)
Stlth    +.........             (no amulet)
HPRegen  0.08/turn              (no ring)
MPRegen  0.09/turn              (no ring)

@: very quick
A: large, hooves 3, deformed body, speed 2, tough skin 3
a: no special abilities


You were on level 2 of the Dungeon.
You were not hungry.

You visited 1 branch of the dungeon, and saw 2 of its levels.

Inventory:

Hand Weapons
 a - a +0 short sword (weapon)
Armour
 b - a +0 leather armour (worn)
 V - a +0 pair of gloves (worn)
Wands
 c - a wand of flame (14)
 d - a wand of enslavement (15)
 f - a wand of random effects (14)
Comestibles
 e - a ration


   Skills:
 * Level 2.4 Fighting
 - Level 0.8 Short Blades
 - Level 1.3 Dodging
 - Level 0.4 Stealth
 - Level 2.6 Evocations


You had one spell level left.
You didn't know any spells.
Your spell library was empty.

Dungeon Overview and Level Annotations

Branches:
Dungeon (2/15)

Altars:
Makhleb


Innate Abilities, Weirdness & Mutations

You have hooves in place of feet.
Armour fits poorly on your strangely shaped body.
You cover ground very quickly.
You have extremely tough skin. (AC +3)


Message History

The rat bites you but does no damage.
The helpless adder fails to defend itself.
You hit the adder.
The adder is heavily wounded.
The frilled lizard unfolds its giant frill.
The rat bites you but does no damage.
The helpless adder fails to defend itself.
You hit the adder.
The adder is severely wounded.
The rat bites you but does no damage.
The helpless adder fails to defend itself.
You hit the adder.
You kill the adder!
Your Fighting skill increases to level 2!
You have reached level 2!
The rat bites you.
* * * LOW HITPOINT WARNING * * *
A bat comes into view.
Unknown command.
The bat hits you.
* * * LOW HITPOINT WARNING * * *
The bat hits you but does no damage. The bat hits you.
* * * LOW HITPOINT WARNING * * *
The bat hits you.
* * * LOW HITPOINT WARNING * * *
A goblin comes into view.
The goblin shouts!
Evoke which item? (* to show all) (? for menu, Esc to quit)
Aiming: Throw Flame
Press: ? - help, Shift-Dir - straight line, f - bat
Aim: a bat The puff of flame hits the bat!
You kill the bat!
A quokka comes into view.
Found 31 sling bullets.
The goblin hits you but does no damage.
Found 2 boomerangs.
The giant cockroach bites you.
You die...

#......## #.......#
#.....#.# #.....#.#
#.....#.## #....rr..##
#.....#g..# #.##r##.#.##
#.##.#s@#. #.##..#....#
#..........# !.(.#.##..
#........#.(.# .........
#.......####...#........
##..?....# #.......$..
#.(...#.## ##.........
#..†...................
#.....#................


You could see a quokka, a giant cockroach, a goblin and a rat.

Vanquished Creatures
  An adder (D:2)
  A giant cockroach (D:1)
  3 jackals (D:1)
  2 bats (D:2)
7 creatures vanquished.

Notes
Turn   | Place    | Note
-------+----------+-------------------------------------------
     0 | D:1      | glosham the Centaur Artificer began the quest for the Orb.
     0 | D:1      | Reached XP level 1. HP: 16/16 MP: 2/2
     1 | D:1      | Found a runed translucent door.
    39 | D:2      | Found a burning altar of Makhleb.
    73 | D:2      | Reached skill level 2 in Fighting
    73 | D:2      | Reached XP level 2. HP: 4/25 MP: 4/4
    79 | D:2      | HP: 2/25 [bat (1)]
    89 | D:2      | Slain by a giant cockroach

Levels and vault maps discovered:
D:1:      dpeg_arrival_caged_fury, layout_rooms, minmay_tripent
D:2:      layout_rooms, lemuel_crystal_altar

Skill      XL: |  1 |
---------------+----+-----
Fighting       | 2 |  2.4
Short Blades   | |  0.8
Dodging        | |  1.3
Stealth        | |  0.4
Evocations     | |  2.6

Action                   || total
-------------------------++-------
Melee: Short sword       ||    25
       Kick              ||     1
Evoke: Wand              ||     2
 Stab: Paralysed         ||     3
Armor: Leather armour    ||    20
Dodge: Dodged            ||    19

Table legend:
 A = Turns spent in this place as a percentage of turns spent in the entire game.
 B = Non-inter-level travel turns spent in this place as a percentage of non-inter-level travel turns spent in the entire game.
 C = Inter-level travel turns spent in this place as a percentage of turns spent in this place.
 D = Turns resting spent in this place as a percentage of non-inter-level travel turns spent in this place.
 E = Turns spent auto-exploring this place as a percentage of non-inter-level travel turns spent in this place.
 F = Non-inter-level travel turns spent in this place divided by the number of levels of this place that you've seen.
                   A       B       C       D       E      F
               +-------+-------+-------+-------+-------+----------------------
         Total | 100.0 | 100.0 |   0.0 |   0.0 |   0.0 |  44.5
       Dungeon | 100.0 | 100.0 |   0.0 |   0.0 |   0.0 |  44.5
               +-------+-------+-------+-------+-------+----------------------

Table legend:
 A = Kills in this place as a percentage of kills in entire the game.
 B = Kills by you in this place as a percentage of kills by you in the entire game.
 C = Kills by friends in this place as a percentage of kills by friends in the entire game.
 D = Other kills in this place as a percentage of other kills in the entire game.
 E = Experience gained in this place as a percentage of experience gained in the entire game.
 F = Experience gained in this place divided by the number of levels of this place that you have seen.
                   A       B       C       D       E      F
               +-------+-------+-------+-------+-------+----------------------
         Total | 100.0 | 100.0 |   N/A |   N/A | 100.0 |  11.5
       Dungeon | 100.0 | 100.0 |   N/A |   N/A | 100.0 |  11.5
               +-------+-------+-------+-------+-------+----------------------

Levels and vault maps discovered:
D:1:      dpeg_arrival_caged_fury, layout_rooms, minmay_tripent
D:2:      layout_rooms, lemuel_crystal_altar
